[Event "Titled Tuesday Blitz June 15 2021"]
[White "Colas, Joshua"]
[Black "Praggnanandhaa R"]
[WhiteFideId "2044447"]
[BlackFideId "25059530"]
[WhiteElo "2347"]
[BlackElo "2555"]
[Result "0-1"]
[Round "03"]
[TimeControl "180+1"]
[Date "2021.06.15"]
[WhiteClock "0:00:14"]
[BlackClock "0:00:06"]

1. Nf3 Nf6 2. c4 g6 3. b3 Bg7 4. Bb2 O-O 5. g3 d6 6. d4 Nc6 7. Bg2 e5 8. dxe5 Ng4 9. O-O Ngxe5 10. Nxe5 Nxe5 11. Nc3 h5 12. Qd2 h4 13. Rad1 Re8 14. Nd5 h3 15. Bh1 Bg4 16. Rfe1 c6 17. Ne3 Be6 18. f4 Ng4 19. Nxg4 Bxg4 20. Bxg7 Kxg7 21. Qxd6 Qxd6 22. Rxd6 Bxe2 23. Kf2 Bg4 24. Rxe8 Rxe8 25. Bf3 Be6 26. g4 a5 27. Kg3 Rh8 28. Be4 Kf6 29. c5 Ke7 30. f5 gxf5 31. gxf5 Bd7 32. f6+ Ke8 33. a4 Rh5 34. Rd4 Rxc5 35. b4 Rg5+ 36. Kf4 Rg4+ 37. Ke5 axb4 38. Rxb4 c5 39. Rc4 b6 40. a5 bxa5 41. Kd6 Kd8 42. Kxc5 a4 43. Rb4 Kc7 44. Rb7+ Kc8 45. Kd6 Rxe4 46. Rc7+ Kb8 47. Rc3 Rd4+ 48. Ke7 Be6 49. Kf8 Rb4 50. Ke7 Rb3 51. Rc5 a3 52. Ra5 Rb7+ 53. Kf8 a2 54. Ra3 Ra7 55. Rb3+ Bxb3 56. Kg7 a1=Q 57. Kf8 Qxf6 58. Ke8 Kc7 59. Kf8 Kd7 60. Kg8 Ke7 61. Kh7 Qg5 62. Kh8 Kf8 63. Kh7 Qh5# 0-1


[Site "https://www.chess.com"]

[Event "Titled Tuesday Blitz June 15 2021"]
[White "Costachi, Mihnea"]
[Black "Ozates, Tuna"]
[WhiteFideId "1217518"]
[BlackFideId "6354521"]
[WhiteElo "2479"]
[BlackElo "1872"]
[Result "1-0"]
[Round "03"]
[TimeControl "180+1"]
[Date "2021.06.15"]
[WhiteClock "0:00:53"]
[BlackClock "0:00:22"]

1. d4 Nf6 2. c4 g6 3. Nc3 Bg7 4. e4 d6 5. Be2 O-O 6. Bg5 c6 7. Qd2 Qa5 8. Nf3 a6 9. O-O b5 10. a3 Bg4 11. cxb5 axb5 12. Bh6 Nbd7 13. Bxg7 Kxg7 14. e5 Nd5 15. Nxd5 Qxd2 16. Nxd2 Bxe2 17. Rfe1 cxd5 18. Rxe2 dxe5 19. dxe5 Nc5 20. Nf3 Nb3 21. Rd1 e6 22. Re3 Na5 23. Nd4 Nc4 24. Rb3 Rfb8 25. f4 g5 26. fxg5 Nxe5 27. Rxb5 Rxb5 28. Nxb5 Rb8 29. a4 Nc4 30. b3 Na5 31. Rd3 Kg6 32. h4 Rd8 33. Kf2 e5 34. Rf3 d4 35. b4 Nc4 36. a5 d3 37. Nc3 e4 38. Rf6+ Kg7 39. Nxe4 d2 40. Nc3 d1=Q 41. Nxd1 Rxd1 42. Rc6 Ne5 43. Rb6 Rb1 44. a6 Rxb4 45. Rxb4 Nd3+ 46. Kg3 1-0


[Site "https://www.chess.com"]

[Event "Titled Tuesday Blitz June 15 2021"]
[White "Cunjalo, Faris"]
[Black "Macovei, Andrei"]
[WhiteFideId "14410710"]
[BlackFideId "13904680"]
[WhiteElo "2234"]
[BlackElo "2439"]
[Result "0-1"]
[Round "03"]
[TimeControl "180+1"]
[Date "2021.06.15"]
[WhiteClock "0:00:01"]
[BlackClock "0:00:14"]

1. c4 e5 2. g3 Nf6 3. Bg2 h6 4. Nc3 Bb4 5. e4 Bxc3 6. dxc3 d6 7. Qe2 O-O 8. Nf3 a6 9. a4 Nbd7 10. Nd2 Nc5 11. O-O a5 12. b3 Bg4 13. f3 Bd7 14. Rf2 Bc6 15. Rb1 Nh7 16. g4 Ng5 17. Nf1 Nge6 18. Ng3 Nf4 19. Bxf4 exf4 20. Nf5 g6 21. Nd4 Nd7 22. Qd2 Qf6 23. Ne2 g5 24. h4 Ne5 25. h5 Bd7 26. Nd4 Rfd8 27. Rd1 c5 28. Nc2 Be6 29. Na3 Ra6 30. Qe2 Rb6 31. Nb5 Bd7 32. Qe1 Bxb5 33. cxb5 c4 34. Rd5 cxb3 35. Qb1 Nc4 36. Qxb3 Ne3 37. Rd4 Rc8 38. Rfd2 Qe5 39. Bf1 Kg7 40. Be2 Qc5 41. R2d3 d5 42. exd5 Rd6 43. c4 f5 44. Qb2 Kf7 45. Kh2 Re8 46. Rd2 fxg4 47. fxg4 b6 48. Bf3 Qc7 49. Re4 Rxe4 50. Bxe4 Qe7 51. Bg6+ Kg8 52. Qd4 Nf1+ 53. Kg2 Nxd2 54. Qxd2 Qe5 55. Qd3 Kg7 56. Kf3 Rd7 57. Be4 Rd6 58. Bf5 Kf8 59. Qe3 Qxe3+ 0-1


[Site "https://www.chess.com"]

[Event "Titled Tuesday Blitz June 15 2021"]
[White "David, Alexandru-Vasile"]
[Black "Hansen, Eric"]
[WhiteFideId "1223453"]
[BlackFideId "2606771"]
[WhiteElo "2404"]
[BlackElo "2568"]
[Result "0-1"]
[Round "03"]
[TimeControl "180+1"]
[Date "2021.06.15"]
[WhiteClock "0:00:45"]
[BlackClock "0:00:04"]

1. d4 Nf6 2. c4 g6 3. Nc3 d5 4. cxd5 Nxd5 5. e4 Nxc3 6. bxc3 Bg7 7. Nf3 c5 8. Bb5+ Nc6 9. d5 a6 10. Be2 Ne5 11. O-O O-O 12. Be3 Qc7 13. Rc1 b5 14. Nxe5 Bxe5 15. f4 Bg7 16. c4 b4 17. e5 a5 18. Qd2 a4 19. Bf3 Ra6 20. Qf2 Ra5 21. Rfd1 Rd8 22. Rd2 Bd7 23. d6 exd6 24. exd6 Qc8 25. Rd5 b3 26. axb3 axb3 27. Rxc5 Rxc5 28. Bxc5 b2 29. Re1 Bf5 30. Bd4 Bxd4 31. Qxd4 Qe6 32. Rxe6 b1=Q+ 33. Kf2 Bxe6 34. c5 Qc2+ 35. Kg3 Bd7 36. Qd5 Qc3 37. c6 Qe1# 0-1


[Site "https://www.chess.com"]

[Event "Titled Tuesday Blitz June 15 2021"]
[White "De Silva, L M S T"]
[Black "Zubov, Alexander"]
[WhiteFideId "9953698"]
[BlackFideId "14109409"]
[WhiteElo "1621"]
[BlackElo "2740"]
[Result "1/2-1/2"]
[Round "03"]
[TimeControl "180+1"]
[Date "2021.06.15"]
[WhiteClock "0:00:10"]
[BlackClock "0:00:08"]

1. e4 e6 2. d4 d5 3. Nc3 Nf6 4. e5 Nfd7 5. f4 c5 6. Nf3 Nc6 7. Be3 Be7 8. Qd2 O-O 9. dxc5 Bxc5 10. O-O-O Qa5 11. Kb1 Bb4 12. Nd4 Bxc3 13. Qxc3 Qxc3 14. bxc3 Na5 15. Nb5 b6 16. Nd6 Nc5 17. c4 Ne4 18. Nxe4 dxe4 19. c5 Bb7 20. Bb5 Bd5 21. cxb6 axb6 22. a4 Nc4 23. Bxc4 Bxc4 24. Bxb6 Rxa4 25. Rd6 Rb8 26. Kb2 Bd5 27. Rb1 h5 28. g3 Kh7 29. Kc1 Rc8 30. Kd2 Ra2 31. Rc1 Bb3 32. Rd7 Rcxc2+ 33. Rxc2 Rxc2+ 34. Ke3 Kg6 35. Kxe4 Rxh2 36. Bd8 Bd5+ 37. Kd4 Rg2 38. Bh4 Rd2+ 39. Kc5 Rc2+ 40. Kd6 Rc6+ 41. Ke7 Rc2 42. Ra7 Rb2 43. Ke8 Rb8+ 44. Ke7 Rc8 45. Kd6 f6 46. exf6 gxf6 47. Ke7 Rh8 48. Kd6 Bc4 49. Rc7 Bd5 50. Ra7 Rb8 51. Ke7 e5 52. Bxf6 e4 53. Bd4 Rb4 54. Ra6+ Kf5 55. Be3 Rb3 56. Ra5 Rd3 57. Kd6 Kg4 58. Rxd5 Rxe3 59. Rg5+ Kf3 60. Rxh5 Rd3+ 61. Ke5 e3 62. Rh1 e2 63. Re1 Rd8 64. f5 Re8+ 65. Kf6 Kxg3 66. Kf7 Re3 67. f6 Kf2 68. Rxe2+ Kxe2 69. Kg7 Rg3+ 70. Kh6 Rf3 71. Kg7 Rxf6 72. Kxf6 1/2-1/2


[Site "https://www.chess.com"]

[Event "Titled Tuesday Blitz June 15 2021"]
[White "Demidov, Mikhail"]
[Black "Mortazavi, Ali"]
[WhiteFideId "4197143"]
[BlackFideId "401323"]
[WhiteElo "2583"]
[BlackElo "2339"]
[Result "0-1"]
[Round "03"]
[TimeControl "180+1"]
[Date "2021.06.15"]
[WhiteClock "0:00:06"]
[BlackClock "0:00:07"]

1. Nf3 Nf6 2. g3 g6 3. Bg2 Bg7 4. O-O O-O 5. d4 d6 6. c4 Nbd7 7. Nc3 e5 8. e4 c6 9. h3 Qa5 10. Re1 exd4 11. Nxd4 Ne5 12. Nb3 Qc7 13. Bf1 Be6 14. Nd2 Nh5 15. Kh2 f5 16. f4 Rae8 17. exf5 Rxf5 18. Nde4 d5 19. cxd5 cxd5 20. Ng5 Rxg5 21. fxg5 d4 22. Ne4 Rf8 23. Bg2 Bf5 24. Qb3+ Kh8 25. Rf1 d3 26. Bd2 Bxe4 27. Rxf8+ Bxf8 28. Bxe4 Nf3+ 29. Kh1 Nxd2 30. Qxd3 Nxe4 31. Re1 Nhxg3+ 32. Kg2 Qc6 33. Kh2 h5 34. Qd4+ Bg7 35. Qd8+ Kh7 36. Qd3 Qc7 37. Kg2 h4 38. Rxe4 Nxe4 39. Qxe4 Qg3+ 40. Kf1 Qxh3+ 41. Ke2 Qg3 42. Qxb7 h3 43. b4 h2 44. a4 Qg1 45. Qf3 0-1


[Site "https://www.chess.com"]

[Event "Titled Tuesday Blitz June 15 2021"]
[White "Demin, Vladimir"]
[Black "Shevchenko, Kirill"]
[WhiteFideId "4167457"]
[BlackFideId "14129574"]
[WhiteElo "2586"]
[BlackElo "2569"]
[Result "0-1"]
[Round "03"]
[TimeControl "180+1"]
[Date "2021.06.15"]
[WhiteClock "0:01:04"]
[BlackClock "0:00:21"]

1. e4 c5 2. Nf3 Nc6 3. c3 d5 4. exd5 Qxd5 5. d4 Bf5 6. Na3 cxd4 7. Nb5 O-O-O 8. cxd4 e5 9. Nc3 Bb4 10. Bd2 Bxc3 11. bxc3 exd4 12. cxd4 Nf6 13. Be2 Rhe8 14. O-O Kb8 15. Be3 Ng4 16. Bf4+ Ka8 17. h3 Nxd4 18. Nxd4 Qxd4 19. Qxd4 Rxd4 20. hxg4 Rxe2 21. Be3 Rxg4 22. Rad1 Rc4 23. Rd8+ Rc8 24. Rxc8+ Bxc8 25. Rc1 Be6 26. Rc7 Rxa2 27. f4 g6 28. g4 b5 29. f5 gxf5 30. gxf5 Bc4 31. Bc5 a5 32. f6 a4 33. Re7 Rd2 34. Kh1 h5 35. Kg1 h4 36. Re8+ Kb7 37. Rh8 Rd3 38. Rxh4 a3 39. Re4 Rd1+ 0-1


[Site "https://www.chess.com"]

[Event "Titled Tuesday Blitz June 15 2021"]
[White "Dimic, Pavle"]
[Black "Sjugirov, Sanan"]
[WhiteFideId "937428"]
[BlackFideId "4189302"]
[WhiteElo "2216"]
[BlackElo "2472"]
[Result "0-1"]
[Round "03"]
[TimeControl "180+1"]
[Date "2021.06.15"]
[WhiteClock "0:00:06"]
[BlackClock "0:00:10"]

1. d4 Nf6 2. Nf3 c5 3. d5 b5 4. Bg5 g6 5. Bxf6 exf6 6. e4 a6 7. a4 b4 8. Nbd2 d6 9. h3 Bg7 10. Bd3 O-O 11. Nc4 a5 12. O-O Qc7 13. c3 Nd7 14. Nfd2 bxc3 15. bxc3 Ne5 16. Bc2 Ba6 17. Nxe5 Bxf1 18. Nc6 Ba6 19. Bb3 Rae8 20. Bc4 Bxc4 21. Nxc4 Rxe4 22. N4xa5 f5 23. Qd3 Rfe8 24. Nc4 Re1+ 25. Rxe1 Rxe1+ 26. Kh2 Rc1 27. a5 Ra1 28. Nb6 Bf6 29. Qe3 Kg7 30. Nc4 h5 31. Qe8 Ra4 32. Nb6 Rxa5 33. Nd7 Ra8 34. Nxf6 Qb7 35. Qd7 Qxd7 36. Nxd7 Ra3 37. Nb6 Rxc3 38. Kg1 Rc1+ 39. Kh2 c4 40. Nd4 c3 41. Nc4 Rd1 42. Nc2 Rxd5 43. Kg3 Rd3+ 44. N4e3 d5 45. Kf4 d4 46. Nc4 Rd2 47. N4a3 Rxf2+ 48. Ke5 d3 0-1


[Site "https://www.chess.com"]

[Event "Titled Tuesday Blitz June 15 2021"]
[White "Durarbayli, Vasif"]
[Black "Oparin, Grigoriy"]
[WhiteFideId "13402935"]
[BlackFideId "24125890"]
[WhiteElo "2500"]
[BlackElo "2628"]
[Result "1-0"]
[Round "03"]
[TimeControl "180+1"]
[Date "2021.06.15"]
[WhiteClock "0:00:11"]
[BlackClock "0:00:33"]

1. e4 d6 2. d4 g6 3. Nc3 Bg7 4. Be3 a6 5. g4 b5 6. Bg2 Bb7 7. h4 h5 8. gxh5 Rxh5 9. Nge2 b4 10. Nd5 e6 11. Nxb4 Rxh4 12. Ng3 a5 13. Nd3 Nd7 14. c3 Rxh1+ 15. Bxh1 Qh4 16. Qd2 Ngf6 17. Bg5 Qg4 18. Qe3 Nh7 19. Bh6 Bxh6 20. Qxh6 Nhf6 21. Qe3 Rb8 22. Bf3 Qh4 23. O-O-O Ng8 24. Rh1 Qf6 25. Bg2 e5 26. dxe5 Nxe5 27. Nxe5 dxe5 28. Bf1 Kf8 29. Bc4 Ba6 30. Qc5+ Kg7 31. Bxa6 Qxa6 32. Qxe5+ Nf6 33. Qg5 Qb5 34. Qh6+ Kg8 35. Qh8# 1-0


[Site "https://www.chess.com"]

[Event "Titled Tuesday Blitz June 15 2021"]
[White "Fernandez Hernandez, Arturo A."]
[Black "Xiong, Jeffery"]
[WhiteFideId "3509230"]
[BlackFideId "2047640"]
[WhiteElo "2400"]
[BlackElo "2724"]
[Result "0-1"]
[Round "03"]
[TimeControl "180+1"]
[Date "2021.06.15"]
[WhiteClock "0:00:43"]
[BlackClock "0:01:53"]

1. e4 Nf6 2. e5 Nd5 3. c4 Nb6 4. d4 d6 5. exd6 exd6 6. Nc3 Nc6 7. Be3 g6 8. Rc1 Bg7 9. h3 O-O 10. Nf3 Re8 11. d5 Ne5 12. Nxe5 Bxe5 13. Be2 Qh4 14. Nb5 Bxb2 15. Nxc7 Rxe3 16. Nxa8 Nxa8 17. g3 Qe4 18. fxe3 Qxh1+ 19. Kf2 Qh2+ 20. Kf3 Bxh3 21. Qg1 Bg4+ 0-1


[Site "https://www.chess.com"]

[Event "Titled Tuesday Blitz June 15 2021"]
[White "Gabrielian, Artur"]
[Black "Zverev, Lev"]
[WhiteFideId "4131002"]
[BlackFideId "24250775"]
[WhiteElo "2539"]
[BlackElo "2109"]
[Result "1-0"]
[Round "03"]
[TimeControl "180+1"]
[Date "2021.06.15"]
[WhiteClock "0:00:18"]
[BlackClock "0:00:01"]

1. e4 e5 2. Nc3 Nc6 3. g3 Nf6 4. Bg2 Bc5 5. Nge2 d6 6. d3 a6 7. O-O Ba7 8. h3 Be6 9. Nd5 Qd7 10. Kh2 Ne7 11. Nxf6+ gxf6 12. d4 d5 13. dxe5 fxe5 14. Bg5 Rg8 15. Bxe7 Qxe7 16. exd5 O-O-O 17. c4 f5 18. Qc2 Bd7 19. Qb3 Qd6 20. Rac1 Bc5 21. a3 Rdf8 22. Qc2 f4 23. b4 Ba7 24. c5 Qh6 25. Ng1 Bb5 26. Rfe1 fxg3+ 27. fxg3 Rxg3 28. Qe4 Rgg8 29. Rc2 Bd7 30. Rce2 Bb5 31. Rc2 Bd7 32. Qe3 Qg6 33. Be4 Bf5 34. Rg2 Qh5 35. Rf1 Bxe4 36. Rxf8+ Rxf8 37. Qxe4 b6 38. d6 Qf7 39. Ne2 Kd7 40. dxc7 Kxc7 41. Nc3 Kc8 42. Nd5 Bb8 43. cxb6 Kd8 44. Rd2 Qd7 45. Qh4+ Kc8 46. Ne7+ Kb7 47. Rxd7+ Kxb6 48. Nd5+ Kc6 49. Qe7 e4+ 50. Rc7+ 1-0


[Site "https://www.chess.com"]

[Event "Titled Tuesday Blitz June 15 2021"]
[White "Gledura, Benjamin"]
[Black "Sadykov, Ramil"]
[WhiteFideId "712779"]
[BlackFideId "24113590"]
[WhiteElo "2377"]
[BlackElo "2300"]
[Result "1-0"]
[Round "03"]
[TimeControl "180+1"]
[Date "2021.06.15"]
[WhiteClock "0:01:37"]
[BlackClock "0:00:03"]

1. d4 d5 2. c4 e6 3. Nf3 Nf6 4. Qc2 Be7 5. Bg5 h6 6. Bxf6 Bxf6 7. e3 O-O 8. Nc3 c6 9. h4 g6 10. g4 Bg7 11. g5 h5 12. O-O-O Qe7 13. Ne5 Nd7 14. f4 Rd8 15. cxd5 exd5 16. Bd3 Nxe5 17. fxe5 Bg4 18. Rdf1 c5 19. Rf4 Rac8 20. Rhf1 Be6 21. Rf6 cxd4 22. exd4 Bxf6 23. gxf6 Qe8 24. Rg1 Bg4 25. Qd2 a6 26. Qg5 Qf8 27. Kb1 b5 28. Ne2 Rc6 29. Nf4 Rdc8 30. Nxg6 fxg6 31. Qxg6+ 1-0


[Site "https://www.chess.com"]

[Event "Titled Tuesday Blitz June 15 2021"]
[White "Goryachkina, Aleksandra"]
[Black "Przybylski, Wojciech"]
[WhiteFideId "4147103"]
[BlackFideId "1117599"]
[WhiteElo "2441"]
[BlackElo "2317"]
[Result "1-0"]
[Round "03"]
[TimeControl "180+1"]
[Date "2021.06.15"]
[WhiteClock "0:00:06"]
[BlackClock "0:00:01"]

1. e4 e5 2. Nf3 Nc6 3. Nc3 Nf6 4. d4 exd4 5. Nxd4 Bb4 6. Nxc6 bxc6 7. Bd3 d5 8. exd5 O-O 9. O-O cxd5 10. h3 c6 11. Qf3 Bd6 12. Bg5 h6 13. Bh4 Be5 14. Rae1 Re8 15. Na4 Rb8 16. b3 Rb4 17. Bg3 Qd6 18. c3 Rb8 19. c4 Bd7 20. Bxe5 Rxe5 21. Rxe5 Qxe5 22. Nc5 Re8 23. cxd5 cxd5 24. Nxd7 Nxd7 25. Bb5 Rd8 26. Bxd7 Rxd7 27. Rc1 Rd8 28. Qd3 g6 29. a4 d4 30. b4 Kg7 31. b5 h5 32. a5 Rb8 33. Rb1 h4 34. b6 axb6 35. axb6 Qd5 36. Rb5 Qd7 37. Rb4 Qd6 38. Qxd4+ Qxd4 39. Rxd4 Rxb6 40. Rxh4 Rb2 41. g3 f6 42. Rc4 g5 43. Kg2 Kg6 44. Kf3 Rb3+ 45. Kg2 Ra3 46. Re4 Rb3 47. Re3 Rb4 48. Kf3 Rb2 49. g4 Ra2 50. Kg3 Rb2 51. f4 Rb4 52. f5+ Kf7 53. Rc3 Rb7 54. Kf3 Ra7 55. Ke4 Re7+ 56. Kd5 Rd7+ 57. Kc6 Rd8 58. Rb3 Rc8+ 59. Kd7 Rc1 60. Rb7 Rc3 61. Kd6+ Kf8 62. Ke6 Rc6+ 63. Kd5 Ra6 64. Rd7 Ra3 65. Ke6 1-0


[Site "https://www.chess.com"]

[Event "Titled Tuesday Blitz June 15 2021"]
[White "Gunina, Valentina"]
[Black "Eternauta2400"]
[WhiteFideId "4167570"]
[WhiteElo "2399"]
[BlackElo "2490"]
[Result "1-0"]
[Round "03"]
[TimeControl "180+1"]
[Date "2021.06.15"]
[WhiteClock "0:00:11"]
[BlackClock "0:00:08"]

1. d4 Nf6 2. c4 e6 3. Nf3 c5 4. d5 exd5 5. cxd5 d6 6. Nc3 g6 7. Bf4 Bg7 8. h3 O-O 9. e3 Na6 10. Bxa6 bxa6 11. O-O Re8 12. Rc1 Qe7 13. Nd2 a5 14. Nb5 Ba6 15. Nxd6 Red8 16. N2c4 Bxc4 17. Nxc4 Nxd5 18. Qf3 Nxf4 19. Qxf4 a4 20. Rfd1 h6 21. Na5 Rxd1+ 22. Rxd1 Bxb2 23. Qxa4 Rc8 24. Nc4 Bg7 25. Rd7 Qe6 26. Nd6 Rf8 27. Qxa7 c4 28. Nb5 Qe5 29. Nd4 Rb8 30. Rb7 Rxb7 31. Qxb7 Qa5 32. Qc8+ Kh7 33. Qxc4 Qe1+ 34. Qf1 Qc3 35. a4 Bxd4 36. exd4 Qxd4 37. a5 Qa4 38. a6 h5 39. Qd3 h4 40. Qd6 Kg7 41. Kh2 g5 42. Qe5+ Kg6 43. Qd6+ f6 44. f3 Qa1 45. Qd3+ Kh6 46. Qb5 Qa3 47. Qb6 Qb2 48. Qxb2 1-0


[Site "https://www.chess.com"]

[Event "Titled Tuesday Blitz June 15 2021"]
[White "Harutyunyan, Tigran K."]
[Black "Khumalo, Keith"]
[WhiteFideId "13303635"]
[BlackFideId "14319470"]
[WhiteElo "2444"]
[BlackElo "1992"]
[Result "1-0"]
[Round "03"]
[TimeControl "180+1"]
[Date "2021.06.15"]
[WhiteClock "0:01:36"]
[BlackClock "0:01:35"]

1. c4 Nf6 2. Nc3 g6 3. Nf3 Bg7 4. d4 O-O 5. Bg5 d6 6. e3 c5 7. d5 a6 8. a4 Bf5 9. Nd2 h6 10. Bh4 g5 11. Bg3 Qa5 12. Be2 Bg6 13. O-O Nbd7 14. f4 gxf4 15. exf4 Bf5 16. Bh4 e6 17. g4 Bh7 18. g5 Ne8 19. Bg4 Nc7 20. f5 exf5 21. Bxf5 Bxf5 22. Rxf5 Ne5 23. Kh1 Ng6 24. Qg4 Bxc3 25. bxc3 Qxc3 26. Rd1 Qd4 27. Ne4 Qg7 28. Nf6+ Kh8 29. gxh6 1-0


[Site "https://www.chess.com"]

[Event "Titled Tuesday Blitz June 15 2021"]
[White "Hess, Robert"]
[Black "Lodici, Lorenzo"]
[WhiteFideId "2022036"]
[BlackFideId "884189"]
[WhiteElo "2557"]
[BlackElo "2265"]
[Result "1-0"]
[Round "03"]
[TimeControl "180+1"]
[Date "2021.06.15"]
[WhiteClock "0:00:04"]
[BlackClock "0:00:03"]

1. b3 d5 2. Bb2 Bg4 3. h3 Bh5 4. d3 e6 5. Nd2 Nf6 6. g4 Bg6 7. Ngf3 c5 8. Bg2 Nc6 9. Nh4 Bd6 10. e3 Be5 11. Nxg6 hxg6 12. c3 g5 13. Nf3 Nd7 14. Nxe5 Ndxe5 15. d4 cxd4 16. cxd4 Ng6 17. Bf1 O-O 18. Qd2 Qf6 19. O-O-O Rfc8 20. Kb1 Qf3 21. Rh2 Nh4 22. Be2 Qf6 23. f4 a5 24. a3 a4 25. b4 Ne7 26. Rf1 Neg6 27. Rhf2 Rc7 28. Bd3 Rac8 29. Qd1 Nf8 30. Qxa4 Nd7 31. Qb5 Nb8 32. e4 gxf4 33. exd5 f3 34. d6 Rd7 35. Qh5 g6 36. Qe5 Qxe5 37. dxe5 f6 38. exf6 Rxd6 39. Be4 Nc6 40. Bxf3 Kf7 41. Be4 Rcd8 42. Rc2 R8d7 43. Rfc1 e5 44. Bxc6 bxc6 45. Rxc6 Kxf6 46. Rxd6+ Rxd6 47. b5 Kg5 48. a4 e4 49. a5 e3 50. b6 e2 51. b7 Rd8 52. a6 Nf3 53. Bc3 Rb8 54. Kc2 Kf4 55. Kd3 e1=Q 56. Bxe1 Rd8+ 57. Ke2 Re8+ 58. Kf2 Nd4 59. Bd2+ Ke4 60. Re1+ Kd3 61. Rxe8 1-0


[Site "https://www.chess.com"]

[Event "Titled Tuesday Blitz June 15 2021"]
[White "Howell, David W L"]
[Black "Vakhlamov, Igor L."]
[WhiteFideId "410608"]
[BlackFideId "24126748"]
[WhiteElo "2643"]
[BlackElo "2405"]
[Result "1-0"]
[Round "03"]
[TimeControl "180+1"]
[Date "2021.06.15"]
[WhiteClock "0:00:11"]
[BlackClock "0:00:17"]

1. d4 Nf6 2. Bf4 d5 3. e3 c5 4. Nd2 Nc6 5. Ngf3 Bf5 6. c3 e6 7. Qb3 Qc8 8. Nh4 Be4 9. Nxe4 Nxe4 10. Nf3 Bd6 11. Bxd6 Nxd6 12. Qa3 Ne4 13. dxc5 O-O 14. Bd3 a5 15. O-O f5 16. Rfd1 Qc7 17. c4 dxc4 18. Bxc4 Qe7 19. Nd4 Rf6 20. Rac1 Kh8 21. Nxc6 bxc6 22. Bd3 Raf8 23. Qxa5 Rh6 24. Bxe4 fxe4 25. g3 Qg5 26. Rd2 Qh5 27. h4 g5 28. Rd8 Rf6 29. Rxf8+ Rxf8 30. Qc3+ Kg8 31. Qe5 Qf3 32. Qxg5+ Kh8 33. Qe5+ Kg8 34. Qxe6+ Kg7 35. Rf1 Rf6 36. Qd7+ Kg6 37. Qh3 h5 38. Qg2 Qf5 39. b4 Re6 40. Rd1 Qe5 41. Rd6 Kf5 42. Rxe6 Kxe6 43. Qh3+ Kd5 44. Qf1 Qb2 45. Qd1+ Ke6 46. Qb3+ Qxb3 47. axb3 Kf5 48. Kg2 Kg4 49. b5 cxb5 50. c6 b4 51. c7 Kf5 52. c8=Q+ 1-0


[Site "https://www.chess.com"]

[Event "Titled Tuesday Blitz June 15 2021"]
[White "Indjic, Aleksandar"]
[Black "Saravana, Krishnan P."]
[WhiteFideId "911925"]
[BlackFideId "5018382"]
[WhiteElo "2643"]
[BlackElo "2245"]
[Result "1-0"]
[Round "03"]
[TimeControl "180+1"]
[Date "2021.06.15"]
[WhiteClock "0:00:39"]
[BlackClock "0:00:20"]

1. e4 c6 2. d4 d5 3. exd5 cxd5 4. Bd3 Nc6 5. c3 g6 6. Nf3 Nh6 7. O-O Bf5 8. Re1 Bxd3 9. Qxd3 Bg7 10. Na3 O-O 11. Nc2 Nf5 12. Ne3 Nxe3 13. Bxe3 Rc8 14. Bf4 Na5 15. Re2 e6 16. h4 h5 17. Rae1 Nc4 18. Ng5 Rc6 19. b3 Nd6 20. Rxe6 Nf5 21. Rxc6 bxc6 22. g3 Re8 23. Re2 a5 24. Nf3 Qa8 25. Be5 a4 26. Bxg7 Kxg7 27. b4 Nd6 28. Ne5 Ne4 29. Kg2 a3 30. Re3 f6 31. Nf3 Qa4 32. Nd2 Qd1 33. Nxe4 Qxd3 34. Rxd3 dxe4 35. Rd1 Kf7 36. Kf1 Ke6 37. Re1 Kd5 38. Ke2 g5 39. Rh1 g4 40. Kd2 f5 41. Rb1 Kc4 42. b5 cxb5 43. Rb4+ Kd5 44. Rxb5+ Kc4 45. Rc5# 1-0


[Site "https://www.chess.com"]

[Event "Titled Tuesday Blitz June 15 2021"]
[White "Ivanisevic, Ivan"]
[Black "Svane, Rasmus"]
[WhiteFideId "912417"]
[BlackFideId "4657101"]
[WhiteElo "2499"]
[BlackElo "2669"]
[Result "1/2-1/2"]
[Round "03"]
[TimeControl "180+1"]
[Date "2021.06.15"]
[WhiteClock "0:00:05"]
[BlackClock "0:00:07"]

1. d4 d5 2. c4 e6 3. Nc3 h6 4. Nf3 Nf6 5. g3 Bd6 6. Bg2 O-O 7. O-O Nc6 8. c5 Be7 9. Rb1 Ne4 10. Qc2 f5 11. b4 Bf6 12. Rd1 a6 13. a3 Bd7 14. Bb2 Be8 15. e3 Bg6 16. Ne2 Bh7 17. Qb3 Qe8 18. Ne1 Bg6 19. f3 Ng5 20. Nf4 Bf7 21. Ned3 Rd8 22. Bc3 e5 23. dxe5 Nxe5 24. Nxe5 Bxe5 25. Qb2 Bxc3 26. Qxc3 Qe7 27. Re1 Rfe8 28. Rbd1 c6 29. h4 Nh7 30. e4 dxe4 31. Rxd8 Qxd8 32. fxe4 fxe4 33. Bxe4 Nf6 34. Bf3 Rxe1+ 35. Qxe1 Qd4+ 36. Kg2 Qb2+ 37. Qe2 Qxa3 38. Qd2 Qa2 39. Qxa2 Bxa2 40. g4 Kf7 41. g5 hxg5 42. hxg5 Nd7 43. Kf2 Ne5 44. Be4 Be6 45. Ke3 Ke7 46. Kd4 Nf7 47. Ng6+ Ke8 48. Nf4 Ke7 49. Ng6+ Kd8 50. Nf8 Nxg5 51. Ke5 Ke7 52. Nxe6 Nxe6 53. Bf5 Nd8 54. Bc8 g6 55. Kf4 Kf6 56. Kg4 Kf7 57. Kg5 Ne6+ 58. Kg4 Nd8 59. Kg5 Kg7 60. Kg4 Kf6 61. Kf4 Ke7 62. Kg4 Kf7 1/2-1/2


[Site "https://www.chess.com"]

[Event "Titled Tuesday Blitz June 15 2021"]
[White "Jia, Haoxiang"]
[Black "Khusnutdinov, Rustam"]
[WhiteFideId "8602999"]
[BlackFideId "13701703"]
[WhiteElo "2634"]
[BlackElo "2571"]
[Result "0-1"]
[Round "03"]
[TimeControl "180+1"]
[Date "2021.06.15"]
[WhiteClock "0:00:28"]
[BlackClock "0:01:37"]

1. Nf3 d5 2. c4 d4 3. b4 g5 4. Bb2 Bg7 5. e3 e5 6. exd4 exd4 7. Bd3 g4 8. Qe2+ Be6 9. Ne5 Nd7 10. Bxd4 Nxe5 11. Bxe5 Bxe5 12. Qxe5 Qxd3 13. Qxh8 f6 14. Kd1 Kf7 15. Re1 Bf5 16. Nc3 Rd8 17. Nd5 Qc2+ 18. Ke2 Qxc4+ 19. Kd1 Qxd5 0-1


[Site "https://www.chess.com"]

[Event "Titled Tuesday Blitz June 15 2021"]
[White "Jobava, Baadur"]
[Black "Maximov, Dmitry"]
[WhiteFideId "13601520"]
[BlackFideId "14105659"]
[WhiteElo "2748"]
[BlackElo "2494"]
[Result "1-0"]
[Round "03"]
[TimeControl "180+1"]
[Date "2021.06.15"]
[WhiteClock "0:00:37"]
[BlackClock "0:00:14"]

1. d4 Nf6 2. Nc3 d5 3. Bf4 c6 4. e3 Bf5 5. f3 e6 6. g4 Bg6 7. h4 h6 8. h5 Bh7 9. Bd3 Bxd3 10. cxd3 Nbd7 11. Nge2 Be7 12. Qd2 a6 13. O-O-O c5 14. dxc5 Bxc5 15. Kb1 b5 16. d4 Be7 17. Nc1 Nb6 18. b3 b4 19. N3e2 a5 20. Nd3 Nfd7 21. Rc1 O-O 22. Rc6 Ra7 23. Rhc1 Qa8 24. Rc7 a4 25. Rxa7 Qxa7 26. Rc7 Qa6 27. Nec1 axb3 28. axb3 Ra8 29. Kc2 Bd8 30. Nxb4 Qb5 31. Rb7 Be7 32. Ncd3 Rc8+ 33. Rc7 Ra8 34. Qc3 Bxb4 35. Qxb4 Ra2+ 36. Kc3 Qa6 37. Bd6 Rg2 38. Qa3 Qb5 39. Nc5 Qe2 40. Kb4 Qd2+ 41. Kb5 Qxe3 42. Nxd7 Nxd7 43. Rxd7 Qxd4 44. Qc5 Qd3+ 45. Kb4 Rc2 46. Qb6 Qc3+ 47. Ka4 Ra2+ 48. Ba3 Kh7 49. Rxf7 d4 50. Qb7 Rxa3+ 51. Kxa3 Qa5+ 52. Kb2 Qc3+ 53. Ka2 Qa5+ 54. Kb1 Qe1+ 55. Kc2 Qe2+ 56. Kc1 Qe1+ 57. Kb2 Qc3+ 58. Kb1 1-0


[Site "https://www.chess.com"]

[Event "Titled Tuesday Blitz June 15 2021"]
[White "Jones, Gawain C B"]
[Black "elcandado"]
[WhiteFideId "409561"]
[WhiteElo "2657"]
[BlackElo "2654"]
[Result "1/2-1/2"]
[Round "03"]
[TimeControl "180+1"]
[Date "2021.06.15"]
[WhiteClock "0:00:09"]
[BlackClock "0:00:10"]

1. c4 e6 2. g3 Nf6 3. Bg2 d5 4. Nf3 Be7 5. O-O O-O 6. b3 b6 7. Bb2 c5 8. cxd5 Nxd5 9. d4 Bb7 10. dxc5 Bxc5 11. a3 a5 12. Qc2 Nd7 13. Nc3 Rc8 14. Qd3 Nxc3 15. Bxc3 Nf6 16. Qxd8 Rfxd8 17. Bxf6 gxf6 18. Nh4 Ba6 19. Bf3 Rd2 20. Rfe1 Bd4 21. Rad1 Rcc2 22. Ng2 Bc5 23. Nf4 Bxa3 24. Nh5 f5 25. Rxd2 Rxd2 26. e4 Bb4 27. exf5 Rd3 28. Re3 Rxe3 29. fxe3 exf5 30. Kf2 Bd3 31. Bd5 Bb1 32. h3 Ba2 33. Nf6+ Kg7 34. Nh5+ Kf8 35. Nf6 h6 36. Kf3 Bd6 37. e4 fxe4+ 38. Kxe4 b5 39. g4 a4 40. bxa4 Bxd5+ 41. Kxd5 bxa4 42. Kxd6 a3 43. Nd7+ Kg7 44. Nc5 a2 45. Nb3 Kg6 46. h4 h5 47. gxh5+ Kxh5 48. Ke5 Kxh4 49. Kf4 Kh3 50. Kf3 Kh2 51. Kf2 f6 52. Na1 Kh1 53. Kf1 Kh2 54. Kf2 Kh3 55. Kf3 Kh4 56. Kf4 Kh3 57. Kf3 Kh4 58. Kf4 Kh3 59. Kf3 1/2-1/2


[Site "https://www.chess.com"]